 Dungeon Crawl Stone Soup version 0.30-a0-253-g6b895097cc (webtiles) character file.

Game seed: 17645535937707297794

65204 Malachi the Unseen (level 14, -1/129 HPs)
             Began as an Armataur Brigand on Oct 13, 2022.
             Was a Follower of Uskayaw.
             Slain by a dire elephant (20 damage)
             ... on level 4 of the Lair of Beasts.
             The game lasted 00:42:03 (28773 turns).

Malachi the Unseen (Armataur Brigand)              Turns: 28773, Time: 00:42:06

Health: -1/129     AC: 17    Str: 12    XL:     14   Next: 74%
Magic:  16/20      EV:  8    Int: 15    God:    Uskayaw [*.....]
Gold:   643        SH:  7    Dex: 16    Spells: 13/13 levels left

rFire   + . .      SeeInvis +    E - +5 rapier (venom)
rCold   . . .      Faith    .    l - +0 buckler
rNeg    + . .      Spirit   .    q - +5 ring mail of Negligence {rN+ Will+ Str-4 Int+4}
rPois   +          Reflect  .    k - +2 hat {Stlth+}
rElec   .          Harm     .    Q - scarf {shadows}
rCorr   .          Roll     +    v - +1 pair of gloves
Will    ++...                    (no barding)
Stlth   ++++++....               V - amulet of the acrobat
HPRegen 0.41/turn                U - ring of protection from fire
MPRegen 0.17/turn                i - ring of see invisible

@: very slow
A: large, rugged brown scales 3, deformed body, armoured tail, roll, long
tongue, awkward tongue, hooves 1, stinger 1, iridescent scales 1, dopey 1, low
MP 1, poison resistance, shaggy fur 1
a: Renounce Religion, Stomp


You were on level 4 of the Lair of Beasts.
You worshipped Uskayaw.
Uskayaw was pleased with you.
You visited 4 branches of the dungeon, and saw 21 of its levels.
You visited the Abyss 1 time.
You also visited: Volcano.

You collected 1461 gold pieces.
You spent 818 gold pieces at shops.

Inventory:

Hand Weapons
 m - a +4 scimitar of flaming
 y - the +8 demon trident "Rift" {distort, reach+}
   (You found it on level 15 of the Dungeon)

   It warps and distorts space around it, and may blink, banish, or inflict
   extra damage upon those it strikes.
   Unwielding it can cause banishment or high damage.
   It can reach especially far, and its reaching attacks ignore other creatures
   in the way.
 E - a +5 rapier of venom (weapon)
 G - a +1 vampiric quick blade
Missiles
 d - 28 poisoned darts (quivered)
 e - 4 curare-tipped darts
Armour
 k - a +2 hat of stealth (worn)
 l - a +0 buckler (worn)
 q - the +5 ring mail of Negligence (worn) {rN+ Will+ Str-4 Int+4}
   (You found it on level 2 of the Dungeon)

   Str:       It affects your strength (-4).
   Int:       It affects your intelligence (+4).
   rN:        It protects you from negative energy.
   Will:      It increases your willpower.
 v - a +1 pair of gloves (worn)
 O - a +1 cloak of fire resistance
 Q - a scarf of shadows (worn)
Jewellery
 b - a ring of positive energy
 c - a ring of ice
 i - a ring of see invisible (right hand)
 r - the ring "Ryimmepn" {Fly MP+9}
   (You found it on level 2 of the Dungeon)

   [ring of magical power]

   MP:        It affects your magic capacity (+9).
   Fly:       It grants you flight.
 t - a ring of fire
 U - a ring of protection from fire (left hand)
 V - an amulet of the acrobat (around neck)
 W - an amulet of guardian spirit
Wands
 a - a wand of flame (15)
 f - a wand of digging (6)
 g - a wand of mindburst (8)
 o - a wand of acid (8)
 B - a wand of roots (19)
 J - a wand of paralysis (18)
Scrolls
 h - 2 scrolls of poison
 j - 4 scrolls of teleportation
 p - 3 scrolls of fear
 s - 3 scrolls of blinking
 z - a scroll of enchant armour
 C - 4 scrolls of magic mapping
 L - 4 scrolls of butterflies
 M - 2 scrolls of amnesia
 P - 14 scrolls of identify
 R - a scroll of torment
 X - a scroll of enchant weapon
Potions
 n - 14 potions of curing
 u - 2 potions of flight
 w - 2 potions of attraction
 x - a potion of mutation
 A - 4 potions of brilliance
 D - a potion of haste
 F - a potion of magic
 H - a potion of berserk rage
 I - a potion of ambrosia
 K - 2 potions of lignification
 N - a potion of invisibility
 S - a potion of might
 T - 2 potions of resistance


   Skills:
 - Level 10.0 Fighting
 - Level 14.0 Short Blades
 - Level 1.7 Throwing
 - Level 0.6 Dodging
 + Level 15.6 Stealth
 + Level 9.4 Shields
 - Level 12.0 Invocations


You had 13 spell levels left.
You didn't know any spells.
Your spell library contained the following spells:

 Spells                   Type           Power      Damage    Failure   Level
 Apportation              Tloc           0%         N/A       58%         1
 Beastly Appendage        Tmut           0%         N/A       58%         1
 Necrotise                Necr           0%         1d4       58%         1
 Sandblast                Erth           0%         2d4       58%         1
 Summon Small Mammal      Summ           0%         N/A       58%         1
 Ensorcelled Hibernation  Hex/Ice        0%         N/A       73%         2
 Passwall                 Tmut/Erth      0%         N/A       73%         2
 Wereblood                Tmut           0%         N/A       73%         2
 Dazzling Flash           Conj/Hex       0%         N/A       91%         3
 Gell's Gravitas          Tloc           0%         N/A       91%         3
 Hailstorm                Conj/Ice       0%         3d3       91%         3
 Kindle Blastsparks       Fire/Tloc/Air  0%         2d10      91%         3
 Lesser Beckoning         Tloc           0%         N/A       91%         3
 Spider Form              Tmut/Pois      0%         N/A       91%         3
 Stone Arrow              Conj/Erth      0%         3d7       91%         3
 Swiftness                Air            0%         N/A       91%         3
 Teleport Other           Tloc           0%         N/A       91%         3
 Animate Armour           Summ/Erth      0%         N/A       100%        4
 Fulminant Prism          Conj/Hex       0%         3d6       100%        4
 Ice Form                 Ice/Tmut       0%         N/A       100%        4
 Iskenderun's Mystic Bla  Conj/Tloc      0%         2d3       100%        4
 Summon Ice Beast         Ice/Summ       0%         N/A       100%        4
 Blade Hands              Tmut           0%         N/A       100%        5
 Lee's Rapid Deconstruct  Erth           0%         3d5*      100%        5
 Summon Mana Viper        Hex/Summ       0%         N/A       100%        5
 Iron Shot                Conj/Erth      0%         9d1       100%        6
 Simulacrum               Ice/Necr       0%         N/A       100%        6
 Starburst                Conj/Fire      0%         6d3       100%        6
 Monstrous Menagerie      Summ           0%         N/A       100%        7


Dungeon Overview and Level Annotations

Branches:
Dungeon (15/15)            Temple (1/1) D:4            Lair (4/5) D:8
 Shoals (0/4) Lair:2       Spider (0/4) Lair:3        Slime (0/5) Lair:4
    Orc (0/2) D:9          Vaults (0/5) D:13         Depths (1/4) D:15
Volcano (visited)

Altars:
Ashenzari
Cheibriados
Dithmenos
Elyvilon
Fedhas
Gozag
Hepliaklqana
Kikubaaqudgha
Makhleb
Nemelex Xobeh
Okawaru
Qazlal
Ru
Sif Muna
Trog
Uskayaw
Vehumet
Wu Jian
Xom
Yredelemnul
Zin
The Shining One
Lugonu

Shops:
D:3 !   D:6 *   D:7 **   D:8 !   D:13 *(*=:

Portals:
Abyss: D:15


Innate Abilities, Weirdness & Mutations

You are completely covered in rugged brown scales. (AC +3, +7% HP)
Armour fits poorly on your strangely shaped body.
You have a long armoured tail.
You roll when moving toward enemies. (Rampage)
Your long tongue fully drains potion bottles. (2x potion effects)
Your tongue gives you trouble enunciating. (1.5x scroll delay)
You have large cloven feet.
Your tail ends in a venomous barb.
You are partially covered in iridescent scales. (AC +2)
You are dopey. (Int -2)
Your magical capacity is low. (-10% MP)
Your system is resistant to poisons. (rPois)
You are covered in fur. (AC +1)


Message History

You hit the dire elephant. You kick the dire elephant.
You tail-slap the dire elephant.
The dire elephant is lightly wounded.
You puncture the dire elephant!
The dire elephant is poisoned.
You kick the dire elephant.
The dire elephant is lightly wounded.
The dire elephant tramples you.
You hold your ground!
The dire elephant trunk-slaps you but does no damage.
You hit the dire elephant but do no damage.
The dire elephant looks as sick as possible!
You kick the dire elephant, but do no damage.
You tail-slap the dire elephant, but do no damage.
The dire elephant is lightly wounded.
You block the dire elephant's attack. The dire elephant trunk-slaps you.
You hit the dire elephant.
The dire elephant looks as sick as possible!
You kick the dire elephant, but do no damage.
You tail-slap the dire elephant.
The dire elephant is moderately wounded.
The dire elephant tramples you!!
* * * LOW HITPOINT WARNING * * *
You hold your ground!
You block the dire elephant's attack.
The dire elephant tramples you but does no damage.
The dire elephant trunk-slaps you.
* * * LOW HITPOINT WARNING * * *
You can now pass through a line of other dancers.
Aiming: Line Pass
Press: ? - help, Dir - move target Why would you want to do that?
Aiming: Line Pass
Press: ? - help, Dir - move target Why would you want to do that?
Aiming: Line Pass
Press: ? - help, Dir - move target The dire elephant appears confused.
Splash!
You can no longer pass through a line of other dancers.
The dire elephant tramples you but does no damage.
The dire elephant barely misses you. The dire elephant tramples you!!
You die...

##.........♣♣...~~≈≈≈P~~≈~P~~~~P~
.P.........♣♣♣...~~≈~≈~≈~≈~≈≈≈~≈≈
...........♣ ♣♣.♣♣~~≈~~♣♣~♣≈≈≈~~~
..........♣♣ ♣#.♣♣♣#♣♣.♣♣####♣♣~
##.#####.♣♣ ##.## ##÷## ## ###
#.## ##### ###### #####~ ###
#♣.≈≈###~~~≈####≈≈~~~
#}).≈##~~#~~~#8≈≈~~≈~
#$?.@Y#~~##≈~~≈~~##≈≈
#♣.~~Y~~≈8##≈~~≈###≈≈
################ ###


You could see 2 dire elephants.

Vanquished Creatures
  Gastronok (Lair:2)
  2 tentacled starspawn (D:15)
  Frances (D:12)
  Agnes (D:15)
  Azrael (D:13)
  An ettin (D:15)
  A fire dragon (Depths:1)
  3 hydras
  2 ice dragons (Depths:1)
  An ogre mage (Volcano)
  A vault guard (D:13)
  8 centaur warriors
  7 two-headed ogres
  4 boulder beetles
  Erica (Lair:2)
  2 death yaks (Lair:4)
  A tengu warrior (D:15)
  Urug (Lair:1)
  2 hell knights
  Amaemon (Lair:2)
  Nergalle (Lair:2)
  A deep troll (D:15)
  A necromancer (D:15)
  6 deep elf pyromancers
  4 wizards (D:15)
  An oklob plant (Lair:1)
  A harpy (shapeshifter) (D:15)
  An ugly thing (D:11)
  4 cyclopes
  A manticore (D:13)
  A merfolk siren (Lair:2)
  4 elephants
  A torpor snail (Lair:4)
  2 molten gargoyles (Volcano)
  An orange demon (Lair:2)
  8 cane toads
  3 gargoyles
  2 unseen horrors (D:14)
  2 rime drakes
  7 komodo dragons
  2 tengu conjurers (D:14)
  5 starcursed masses (D:15)
  A kobold demonologist (D:13)
  A polar bear (Lair:2)
  4 trolls
  A hornet (D:9)
  A dream sheep (Lair:4)
  Grinder (D:6)
  9 slime creatures
  8 wyverns
  2 fire elementals (D:12)
  2 fire bats (Volcano)
  26 yaks
  2 steam dragons
  4 basilisks
  2 redbacks (Lair:3)
  5 vampire mosquitoes
  Edmund (D:6)
  Menkaure (D:6)
  2 hell hounds (D:12)
  11 water moccasins
  Duvessa (D:7)
  3 orc warriors
  8 black bears
  An ice beast (D:4)
  4 ogres
  13 wolves
  14 centaurs
  A phantom (D:6)
  2 kobold brigands
  12 bullfrogs
  A gnoll sergeant (D:12)
  3 necrophages
  3 scorpions
  6 wights
  Dowan (D:7)
  18 killer bees
  4 howler monkeys
  An electric eel (D:9)
  4 lava snakes (Volcano)
  A hound (D:6)
  2 jellies
  2 gnoll boudas
  3 orc priests
  9 orc wizards
  3 iguanas (D:6)
  13 gnolls
  4 adders
  2 shadow imps
  3 white imps
  2 ufetubi
  4 dart slugs
  33 orcs
  7 ball pythons
  10 bats
  3 endoplasms
  4 giant cockroaches
  8 hobgoblins
  2 jackals (D:5)
  11 kobolds
  2 quokkas
  5 frilled lizards
  7 goblins
  7 rats
  2 butterflies
  2 starspawn tentacles (D:15)
436 creatures vanquished.

Vanquished Creatures (others)
  6 fungi
  21 plants
  3 starspawn tentacles (D:15)
  7 toadstools (Lair:4)
37 creatures vanquished.

Grand Total: 473 creatures vanquished

Notes
Turn   | Place    | Note
-------+----------+-------------------------------------------
     0 | D:1      | Malachi the Armataur Brigand began the quest for the Orb.
     0 | D:1      | Reached XP level 1. HP: 18/18 MP: 1/1
   193 | D:1      | Reached XP level 2. HP: 25/25 MP: 2/2
   220 | D:1      | Found a faded altar of an unknown god.
   889 | D:2      | Reached XP level 3. HP: 31/31 MP: 3/3
  1150 | D:2      | Identified the +5 ring mail of Negligence {rN+ Will+ Str-4
                  | Int+4}
  1489 | D:2      | Identified the ring "Ryimmepn" {Fly MP+9}
  1648 | D:2      | Reached XP level 4. HP: 35/38 MP: 4/4
  1749 | D:3      | Found Norat's Distillery.
  1757 | D:3      | Bought a potion of curing for 36 gold pieces
  2505 | D:4      | Noticed a black bear
  2529 | D:4      | Killed a black bear
  2530 | D:4      | Reached skill level 5 in Short Blades
  2530 | D:4      | Reached XP level 5. HP: 33/43 MP: 5/5
  2664 | D:4      | Reached XP level 6. HP: 50/51 MP: 6/6
  2949 | D:4      | Noticed an ice beast
  2964 | D:4      | Killed an ice beast
  3338 | D:4      | Found a staircase to the Ecumenical Temple.
  3344 | Temple   | Entered the Ecumenical Temple
  3560 | Temple   | Became a worshipper of Uskayaw the Reveller
  3639 | D:5      | Entered Level 5 of the Dungeon
  3645 | D:5      | Reached * piety under Uskayaw
  3649 | D:5      | Reached XP level 7. HP: 48/56 MP: 7/7
  3650 | D:5      | Reached ** piety under Uskayaw
  3653 | D:5      | Reached *** piety under Uskayaw
  5130 | D:6      | Found Bogohim's Assorted Antiques.
  5134 | D:6      | Bought a potion of heal wounds for 145 gold pieces
  5213 | D:6      | Reached XP level 8. HP: 55/64 MP: 8/8
  5247 | D:6      | Noticed Menkaure
  5256 | D:6      | Killed Menkaure
  6227 | D:6      | Reached skill level 10 in Short Blades
  6401 | D:6      | Reached skill level 5 in Stealth
  6464 | D:6      | Reached **** piety under Uskayaw
  6651 | D:6      | Noticed a two-headed ogre
  6652 | D:6      | Noticed a troll
  6666 | D:6      | Killed a two-headed ogre
  6667 | D:6      | Reached skill level 7 in Stealth
  6667 | D:6      | Reached XP level 9. HP: 77/77 MP: 9/9
  6694 | D:6      | Killed a troll
  6694 | D:6      | Reached ***** piety under Uskayaw
  6695 | D:6      | Reached skill level 5 in Fighting
  6736 | D:6      | Noticed Grinder
  6804 | D:6      | Killed Grinder
  6805 | D:6      | Reached skill level 8 in Stealth
  6988 | D:6      | Noticed Edmund
  7018 | D:6      | Killed Edmund
  7463 | D:7      | Reached skill level 9 in Stealth
  7473 | D:7      | Found Kyroysaqar's Assorted Antiques.
  7505 | D:7      | Bought 3 scrolls labelled NUPPEA GIEHO for 78 gold pieces
  7505 | D:7      | Bought a scroll labelled LAAW KAULU for 26 gold pieces
  7505 | D:7      | Bought a fuming clear potion for 23 gold pieces
  7552 | D:7      | Noticed Duvessa
  7574 | D:7      | Killed Duvessa
  7882 | D:7      | Reached XP level 10. HP: 64/89 MP: 10/10
  8052 | D:7      | Found Tyehuir's Elemental Accessories.
  8138 | D:7      | Noticed Dowan
  8144 | D:7      | Killed Dowan
  8622 | D:8      | Reached skill level 10 in Stealth
  8875 | D:8      | Found Xenutior's Distillery.
  8975 | D:8      | Bought a potion of berserk rage for 70 gold pieces
  8975 | D:8      | Bought a potion of curing for 42 gold pieces
  9458 | D:8      | Found a staircase to the Lair.
  9471 | D:8      | Reached skill level 11 in Stealth
 10136 | D:9      | Found a staircase to the Orcish Mines.
 10234 | D:9      | Noticed a gargoyle
 10254 | D:9      | Reached ****** piety under Uskayaw
 10259 | D:9      | Killed a gargoyle
 10260 | D:9      | Reached skill level 12 in Stealth
 10260 | D:9      | Reached XP level 11. HP: 37/101 MP: 11/11
 11089 | D:10     | Entered Level 10 of the Dungeon
 11089 | D:10     | Found an iron altar of Okawaru.
 11092 | D:10     | Noticed a boulder beetle
 11114 | D:10     | Killed a boulder beetle
 11738 | D:10     | Reached skill level 13 in Stealth
 12040 | D:10     | Identified the +5 flail of Dukaet {elec, Drain MP+9 Int+10}
 12641 | D:11     | Reached skill level 10 in Fighting
 13219 | D:11     | Reached skill level 14 in Stealth
 13378 | D:11     | Noticed a green ugly thing
 13385 | D:11     | Killed a green ugly thing
 13435 | D:11     | Noticed a boulder beetle
 13437 | D:11     | Killed a boulder beetle
 13614 | D:7      | Bought a pair of embroidered gloves for 195 gold pieces
 14140 | D:12     | Reached skill level 15 in Stealth
 14140 | D:12     | Reached skill level 1 in Invocations
 14148 | D:12     | Noticed a two-headed ogre
 14180 | D:12     | Killed a two-headed ogre
 14702 | D:12     | Noticed Frances
 14707 | D:12     | Noticed a boulder beetle
 14709 | D:12     | Killed Frances
 14710 | D:12     | Reached XP level 12. HP: 113/113 MP: 13/15
 14722 | D:12     | Killed a boulder beetle
 14723 | D:12     | Reached skill level 5 in Invocations
 14868 | D:12     | Gained mutation: You sometimes lose your temper in combat.
                  | [potion of mutation]
 14868 | D:12     | Gained mutation: Your system is resistant to poisons.
                  | (rPois) [potion of mutation]
 14868 | D:12     | Gained mutation: You passively map a small area around you.
                  | [potion of mutation]
 14868 | D:12     | Gained mutation: You expend magic power (3 MP) to
                  | strengthen your wands. [potion of mutation]
 14868 | D:12     | Gained mutation: You have a pair of small horns on your
                  | head. [potion of mutation]
 14869 | D:12     | Lost mutation: You have a pair of small horns on your head.
                  | [potion of mutation]
 14869 | D:12     | Lost mutation: You expend magic power (3 MP) to strengthen
                  | your wands. [potion of mutation]
 14869 | D:12     | Lost mutation: You sometimes lose your temper in combat.
                  | [potion of mutation]
 14869 | D:12     | Lost mutation: Your system is resistant to poisons. (rPois)
                  | [potion of mutation]
 14869 | D:12     | Lost mutation: You passively map a small area around you.
                  | [potion of mutation]
 14869 | D:12     | Gained mutation: You are frail. (-10% HP) [potion of
                  | mutation]
 14869 | D:12     | Gained mutation: Your muscles are strong. (Str +4, Int/Dex
                  | -1) [potion of mutation]
 14869 | D:12     | Gained mutation: Your mind is acute. (Int +4, Str/Dex -1)
                  | [potion of mutation]
 14870 | D:12     | Lost mutation: Your muscles are strong. (Str +4, Int/Dex
                  | -1) [potion of mutation]
 14870 | D:12     | Lost mutation: Your mind is acute. (Int +4, Str/Dex -1)
                  | [potion of mutation]
 14870 | D:12     | Lost mutation: You are frail. (-10% HP) [potion of
                  | mutation]
 14870 | D:12     | Gained mutation: You are dopey. (Int -2) [potion of
                  | mutation]
 14870 | D:12     | Gained mutation: Your magical capacity is low. (-10% MP)
                  | [potion of mutation]
 14870 | D:12     | Gained mutation: Your tail ends in a venomous barb. [potion
                  | of mutation]
 14870 | D:12     | Gained mutation: You have large cloven feet. [potion of
                  | mutation]
 14870 | D:12     | Gained mutation: You are partially covered in iridescent
                  | scales. (AC +2) [potion of mutation]
 14870 | D:12     | Gained mutation: You are covered in fur. (AC +1) [potion of
                  | mutation]
 14870 | D:12     | Gained mutation: Your system is resistant to poisons.
                  | (rPois) [potion of mutation]
 15479 | D:13     | Found Joastodec's General Store.
 15940 | D:13     | Noticed a centaur warrior
 15942 | D:13     | Found Niho's Assorted Antiques.
 15951 | D:13     | Killed a centaur warrior
 15988 | D:13     | Bought an amethyst potion for 22 gold pieces
 15988 | D:13     | Bought a scroll of identify for 50 gold pieces
 15988 | D:13     | Bought a scroll of identify for 50 gold pieces
 15988 | D:13     | Bought a scroll labelled DADIUSUOH for 25 gold pieces
 16142 | D:13     | Bought a scroll of identify for 28 gold pieces
 16142 | D:13     | Bought a scroll of identify for 28 gold pieces
 16163 | D:13     | Found Rath's Weapon Emporium.
 16169 | D:13     | Noticed a two-headed ogre
 16181 | D:13     | Killed a two-headed ogre
 16295 | D:13     | Noticed a vault guard
 16310 | D:13     | Killed a vault guard
 16606 | D:13     | Found a gate to the Vaults.
 16645 | D:13     | Found Qomuef's Jewellery Boutique.
 16646 | D:13     | Noticed Azrael
 17507 | D:13     | Killed Azrael
 17858 | D:13     | Found Guet Niu's Book Shoppe.
 17961 | D:14     | Noticed a centaur warrior
 17961 | D:14     | Noticed a six-headed hydra
 17976 | D:14     | Killed a six-headed hydra
 17977 | D:14     | Killed a centaur warrior
 18302 | D:14     | Reached XP level 13. HP: 114/120 MP: 17/17
 20171 | D:15     | Entered Level 15 of the Dungeon
 20263 | D:15     | Found a shimmering blue altar of Sif Muna.
 20388 | D:15     | Reached skill level 10 in Invocations
 20482 | D:15     | Noticed an ettin
 20489 | D:15     | Killed an ettin
 20751 | D:15     | Found a staircase to the Depths.
 21446 | D:15     | Noticed Agnes
 21449 | D:15     | Killed Agnes
 21485 | D:15     | Found a corrupted altar of Lugonu.
 21485 | D:15     | Found a one-way gate to the infinite horrors of the Abyss.
 21490 | Abyss:2  | Found a corrupted altar of Lugonu.
 21490 | Abyss:2  | Cast into level 2 of the Abyss (a wizard)
 21502 | D:15     | Escaped the Abyss
 21533 | D:15     | Noticed a tentacled starspawn
 21743 | D:15     | Found a corrupted altar of Lugonu.
 21746 | D:15     | Killed a tentacled starspawn
 21751 | D:15     | Found a corrupted altar of Lugonu.
 21999 | D:15     | Noticed a starcursed mass
 22466 | D:15     | Found a corrupted altar of Lugonu.
 22466 | D:15     | Noticed a tentacled starspawn
 22486 | D:15     | Killed a tentacled starspawn
 22849 | D:15     | Found the +8 demon trident "Rift" {distort, reach+}
 22906 | Depths:1 | Entered Level 1 of the Depths
 22909 | Depths:1 | Noticed a fire dragon
 22915 | Depths:1 | Killed a fire dragon
 23189 | Lair:1   | Entered Level 1 of the Lair of Beasts
 23211 | Lair:1   | Noticed Urug
 23218 | Lair:1   | Killed Urug
 23660 | Lair:1   | Reached XP level 14. HP: 100/129 MP: 20/20
 24189 | Lair:2   | Noticed Amaemon
 24191 | Lair:2   | Noticed Erica
 24207 | Lair:2   | Killed Amaemon
 24209 | Lair:2   | Killed Erica
 24391 | Lair:2   | Noticed Gastronok
 24396 | Lair:2   | Killed Gastronok
 24435 | Lair:2   | Noticed Nergalle
 24463 | Lair:2   | Killed Nergalle
 24918 | Lair:2   | Found a staircase to the Shoals.
 25109 | Lair:3   | Reached skill level 5 in Shields
 25142 | Lair:3   | Found a hole to the Spider Nest.
 25194 | Lair:3   | Found a dark tunnel.
 25204 | Volcano  | Entered a volcano
 25600 | Volcano  | Found a radiant altar of Vehumet.
 27115 | Lair:4   | Found a staircase to the Slime Pits.
 27243 | Lair:4   | Identified the +11 battleaxe of the People {freeze, Will-
                  | MP+9 Int+3}
 28373 | Lair:4   | Found a runed translucent door.
 28773 | Lair:4   | Slain by a dire elephant

Illustrated notes

Levels and vault maps discovered:
D:1:      roderic_octagonal_star, layout_basic,
          ebering_ecumenical_altar_sacrificial, fountainhead, minmay_nonomino_d4
D:2:      layout_basic, kennysheep_generic_room_12
D:3:      layout_basic, serial_shops, nicolae_shop_stone, grunt_ministairs_2
D:4:      layout_loops_ring, minmay_temple_entry_fiery
D:5:      layout_basic
D:6:      minmay_recursive_quarters, layout_loops_ring, serial_shops,
          nicolae_shop_advertising_works [nicolae_subvault_shop_adworks],
          grunt_ministairs_14, minmay_unpleasant_kobolds, uniq_menkaure,
          uniq_edmund, uniq_grinder
D:7:      layout_loops_ring, serial_shops, shop, nicolae_elemental_shop,
          uniq_duvessa
D:8:      layout_loops_ring, minmay_lair_entry_grove,
          nicolae_inconvenience_store, minmay_holes
D:9:      layout_long_grid, orc_0_dummy, hangedman_abyss_or_decor_lesser_grid,
          kennysheep_dice
D:10:     layout_loops_ring, mainiacjoe_overflow_cross_hatched
D:11:     layout_loops_corners
D:12:     layout_basic, uniq_frances
D:13:     layout_cross, david_vaults_4, serial_shops, nicolae_lakefront_shop,
          nicolae_diamond_shop, nicolae_shop_bloodbath_and_beyond,
          nicolae_shop_behind_doors, shop, uniq_azrael
D:14:     layout_layer_cave, reono_crystal_passage, due_unseen_surprise
D:15:     hangedman_depths_entry_civil_slaughter, layout_irregular_city,
          lemuel_blue_sif_altar, hellmonk_guarded_unrand_rift, uniq_agnes
Temple:   kilobyte_greek_temple
Lair:1:   layout_small_grid, chequers_serial_rivers_room_a, lemuel_fruit_fields,
          grunt_megastairs_5, uniq_urug
Lair:2:   layout_roguey, minmay_shoals_entry_lonely_mermaid,
          lemuel_fruit_fields, grunt_megastairs_2, uniq_amaemon, uniq_gastronok,
          uniq_nergalle, uniq_erica
Lair:3:   layout_misc_corridors, spider_nest_entry_webs,
          nicolae_volcano_entry_hallway
Lair:4:   gammafunk_lair_enchanted_lake, layout_regular_city, slime_entry_1
Depths:1: layout_cave_pools, hellmouth_3, ebering_ghost_disaster_area,
          grunt_pan_entry_spiral, abyss_entry, yredelemnul_altar_generic,
          lemuel_angel_altar, minmay_shop_grove, serial_bayou_shore_b

Skill      XL: |  1  2  3  4  5  6  7  8  9 10 11 12 13 14 |
---------------+-------------------------------------------+-----
Short Blades   | 2 3 5 7 8 10 11 13 14 | 14.0
Fighting       | 4 6 8 10 | 10.0
Stealth        | 7 9 12 15 | 15.6
Invocations    | 4 9 11 12 | 12.0
Shields        | 9 |  9.4
Throwing       | |  1.7
Dodging        | |  0.6

Action                   |  1- 3 |  4- 6 |  7- 9 | 10-12 | 13-15 || total
-------------------------+-------+-------+-------+-------+-------++-------
Melee: Dagger            |    96 |   187 |   395 |       |       ||   678
       Tailslap          |    11 |    23 |    65 |    99 |   129 ||   327
       Punch             |     2 |     4 |       |       |       ||     6
       Rapier            |       |       |     8 |   550 |   518 ||  1076
       Kick              |       |       |       |    69 |   218 ||   287
Throw: Dart              |       |       |    17 |     9 |       ||    26
Invok: Line Pass         |       |       |     2 |       |     2 ||     4
       Stomp             |       |       |       |     1 |     1 ||     2
Evoke: Wand              |       |       |    11 |     2 |     3 ||    16
  Use: Scroll            |       |     3 |    11 |    12 |     5 ||    31
       Potion            |       |     1 |     2 |     8 |     3 ||    14
 Stab: Sleeping          |    14 |     6 |     8 |    27 |    50 ||   105
       Paralysed         |       |       |    10 |    31 |    27 ||    68
       Distracted        |       |       |     1 |     2 |     1 ||     4
       Confused          |       |       |       |       |     1 ||     1
Armor: Robe              |    19 |       |       |       |       ||    19
       Ring mail         |     5 |    83 |   142 |   303 |   229 ||   762
Dodge: Dodged            |    33 |    61 |   104 |   172 |   114 ||   484
Block: Buckler           |       |       |    38 |    59 |    87 ||   184

Table legend: (Time is in decaauts)
 A = Elapsed time spent in this place.
 B = Non-inter-level travel time spent in this place.
 C = Inter-level travel time spent in this place.
 D = Time resting spent in this place.
 E = Time spent auto-exploring this place.
 F = Levels seen in this place.
 G = Mean time per level.
                   A        B        C        D        E       F      G
               +--------+--------+--------+--------+--------+-----+--------+
         Total |  28239 |  27146 |   1093 |   9049 |  14055 |  23 | 1227.8 |
       Dungeon |  22377 |  21432 |    945 |   7871 |  10591 |  15 | 1491.8 |
        Temple |    258 |    203 |     55 |      0 |    188 |   1 |  258.0 |
          Lair |   4530 |   4438 |     92 |    556 |   3257 |   4 | 1132.5 |
        Depths |    117 |    117 |      0 |    100 |      0 |   1 |  117.0 |
         Abyss |     11 |     11 |      0 |      0 |      0 |   1 |   11.0 |
       Volcano |    943 |    943 |      0 |    522 |     19 |   1 |  943.0 |
               +--------+--------+--------+--------+--------+-----+--------+

Top non-repeatable levels by time:
    D:12: 2651 daAuts
    D:14: 2515 daAuts
    D:15: 2433 daAuts
     D:6: 1894 daAuts
  Lair:4: 1882 daAuts
     D:5: 1765 daAuts
     D:9: 1537 daAuts
    D:13: 1342 daAuts
     D:7: 1327 daAuts
    D:11: 1305 daAuts
     D:8: 1288 daAuts
 Volcano: 943 daAuts
  Lair:1: 926 daAuts
  Lair:2: 901 daAuts
    D:10: 896 daAuts
